 Dungeon Crawl Stone Soup version 0.30-a0-996-ga6910c8ee8 (webtiles) character file.

Game seed: 18355244001777628691

23 ytrimaz the Shield-Bearer (level 3, 29/29 HPs)
             Began as a Formicid Fighter on Apr 5, 2023.
             Was an Initiate of Ashenzari.
             Quit the game on level 1 of the Dungeon.
             The game lasted 00:01:16 (905 turns).

ytrimaz the Shield-Bearer (Formicid Fighter)         Turns: 905, Time: 00:01:17

Health: 29/29      AC:  9    Str: 22    XL:     3   Next: 10%
Magic:  3/3        EV:  9    Int:  7    God:    Ashenzari [......]
Gold:   59         SH:  5    Dex: 13    Spells: 2/2 levels left

rFire   . . .      SeeInvis +    a - +0 war axe
rCold   . . .      Faith    .    c - +0 buckler
rNeg    . . .      Spirit   .    b - +1 scale mail
rPois   .          Reflect  .    (helmet unavailable)
rElec   .          Rampage  .    g - +0 cloak of Ashenzari's Visionary {Melee, Bglg} (curse)
rCorr   .                        (no gloves)
Will    .....                    (no boots) Stlth
                                 (no amulet)
HPRegen 0.24/turn                (no ring)
MPRegen 0.08/turn                (no ring)

@: weak-willed
A: permanent stasis, dig shafts and tunnels, antennae 3, four strong arms
a: Dig, Shaft Self, Renounce Religion, Shatter the Chains


You were on level 1 of the Dungeon.
You worshipped Ashenzari.
Ashenzari was noncommittal.
You visited 1 branch of the dungeon, and saw 1 of its levels.

You collected 59 gold pieces.


Innate Abilities, Weirdness & Mutations

You cannot be hasted, slowed, berserked, paralysed or teleported.
You can dig through walls and to a lower floor.
You have a pair of large antennae on your head. (SInv)
Your four strong arms can wield two-handed weapons with a shield.


   Skills:
 - Level 3.2 Fighting
 + Level 3.3(3.7) Axes
 - Level 3.2 Armour
 - Level 4.0 Shields


You had 2 spell levels left.
You didn't know any spells.
Your spell library was empty.

Inventory:

Hand Weapons
 a - a +0 war axe (weapon)
Armour
 b - a +1 scale mail (worn)
 c - a +0 buckler (worn)
 g - the cursed +0 cloak of Ashenzari's Visionary (worn) {Melee, Bglg}
   (You found it on level 1 of the Dungeon)

   It has a curse which improves the following skills: Melee Combat: Short
   Blades, Long Blades, Axes, Maces & Flails, Polearms, Staves and Unarmed
   Combat.
   Beguiling: Conjurations, Hexes and Translocations.
Scrolls
 j - a scroll of enchant weapon
Potions
 d - a potion of might
 f - a potion of resistance {unknown}

Dungeon Overview and Level Annotations

Branches:
Dungeon (1/15) Zot: 5074

Altars:
Ashenzari

.....................#
..............##.#####
.................#
.#..#.........##.#####
.....................#
.#..#.####.......#####
.#..#.# ####.##.#
.#..#.#######.##.#
.#............##@#
..............##.#
.#.##.##########.#
...##.# #.# .#.##.#
#.# .#.##.# #.#
.#.##.# #.# .#.##.#
### #######


There were no monsters in sight!


Message History

You see here a ball python corpse.
Unknown command.
As you open the door, it creaks loudly!
A rat comes into view. x2
Found a scroll labelled WUTEVADWOH.
Found a faded altar of an unknown god.
There is an open door here.
You block the rat's attack.
You barely miss the rat. You block the rat's attack.
You barely miss the rat. The rat closely misses you.
You hit the rat.
You kill the rat!
You block the rat's attack.
Unknown command.
You closely miss the rat. The rat bites you but does no damage.
You closely miss the rat. You block the rat's attack.
The rat barely misses you.
You hit the rat.
You kill the rat!
You have reached level 3!
Your experience leads to an increase in your attributes!
Increase (S)trength, (I)ntelligence, or (D)exterity?
You feel stronger. x2 😎 HP[+5] MP[+1]
You now have 29 max hp (+5).
Your hp is fully restored (29).
Your mp is fully restored (3).
You see here a rat corpse.
There is a faded altar of an unknown god here.
This altar belongs to (a) Uskayaw, (b) Cheibriados or (c) Ashenzari, but you can't tell which.
Press the corresponding letter to learn more about a god, or press enter to convert or escape to cancel.
Ashenzari accepts your prayer! Ashenzari welcomes you!
Ashenzari warns you of distant threats and treasures.
Ashenzari reveals the structure of the dungeon to you.
Ashenzari shows you where magical portals lie.
h - a scroll labelled WUTEVADWOH You open the door.
A bat comes into view.
A bat is nearby!
A bat is nearby!
You slash the bat!
You kill the bat!
Ashenzari invites you to partake of a vision and a curse of melee combat and beguiling.
There is an open door here.
i - a scroll labelled ISAACU OXKO
j - a scroll labelled BAUNUC WAENYC
Okay, then.
Okay, then.
Unknown command.
Your +0 cloak glows black for a moment.
You open the door.
There is an open door here.
Key pressed, stopping explore.
Key pressed, stopping explore.
You open the door.
There is an open door here.
k - a scroll labelled OZITEN DIUTIRI You open the door.
There is an open door here.
Key pressed, stopping explore.
A rat comes into view.
A rat is nearby!
A rat is nearby!
A rat is nearby!
An endoplasm comes into view.
The rat bites you but does no damage.
You slash the rat!
You kill the rat!
You block the endoplasm's attack.
You slash the endoplasm!
You kill the endoplasm!
Unknown command.
You see here a rat corpse.
No target in view!
Unknown command.
No target in view!
Key pressed, stopping explore.
Key pressed, stopping explore.
There is an open door here.
There is an open door here.
Key pressed, stopping explore.
Key pressed, stopping explore.
Key pressed, stopping explore.
Key pressed, stopping explore.
Key pressed, stopping explore.
Done exploring.
Done exploring.
Done exploring.
Done exploring.
Done exploring.
As you read the scroll labelled LEAMOHODUG, it crumbles to dust.
Magic quickly surges around you.
It was a scroll of vulnerability.
Unknown command.
As you read the scroll labelled WUTEVADWOH, it crumbles to dust.
It is a scroll of identify.
j - a scroll of enchant weapon
As you read the scroll labelled ISAACU OXKO, it crumbles to dust.
It is a scroll of enchant armour.
Your +0 scale mail glows green for a moment.
As you read the scroll labelled OZITEN DIUTIRI, it crumbles to dust.
You assume a fearsome visage.
Nothing appears to happen.
It was a scroll of fear.
Unknown command.
Are you sure you want to abandon this character and quit the game? (Confirm with "yes".)

Skill      XL: |  1  2 |
---------------+-------+-----
Axes           | 3 |  3.3
Fighting       | |  3.2
Armour         | |  3.2
Shields        | |  4.0

Action                     || total
---------------------------++-------
  Melee: War axe           ||    54
 Invoke: Curse Item        ||     1
    Use: Scroll            ||     4
 Armour: Scale mail        ||    28
  Dodge: Dodged            ||    26
  Block: Buckler           ||    20

Levels and vault maps discovered:
D:1:      saegor_arrival_simple_b, layout_basic,
          dreamdust_ecumenical_altar_angels_and_demons, corexii_corridor_pit,
          chequers_serial_rivers_micro_e

Notes
Turn   | Place    | Note
-------+----------+-------------------------------------------
     0 | D:1      | ytrimaz the Formicid Fighter began the quest for the Orb.
     0 | D:1      | Reached XP level 1. HP: 18/18 MP: 1/1
     0 | D:1      | magus.rc [v1.9.6]
    22 | D:1      | Reached XP level 2. HP: 23/24 MP: 2/2
   231 | D:1      | Reached skill level 3 in Axes
   533 | D:1      | Found a faded altar of an unknown god.
   542 | D:1      | Reached XP level 3. HP: 29/29 MP: 3/3
   545 | D:1      | Prayed at the altar of an unknown god.
   545 | D:1      | Became a worshipper of Ashenzari the Shackled
   905 | D:1      | Quit the game

Vanquished Creatures
  A dart slug (D:1)
  3 endoplasms (D:1)
  A goblin (D:1)
  A hobgoblin (D:1)
  A kobold (D:1)
  A quokka (D:1)
  4 ball pythons (D:1)
  6 bats (D:1)
  5 rats (D:1)
23 creatures vanquished.

Table legend:
 A = Non-vault XP
 B = Vault XP
 C = Vault XP percentage of total XP
 D = Non-vault monster count
 E = Vault monster count
 F = Vault count percentage of total count
                 A         B        C        D         E       F
            +---------+---------+-------+---------+---------+-------
      Total |      33 |       0 |   0.0 |      23 |       0 |   0.0
            +---------+---------+-------+---------+---------+-------
        D:1 |      33 |       0 |   0.0 |      23 |       0 |   0.0
            +---------+---------+-------+---------+---------+-------

Illustrated notes

Table legend:
 A = Kills in this place as a percentage of kills in the entire game.
 B = Kills by you in this place as a percentage of kills by you in the entire game.
 C = Kills by friends in this place as a percentage of kills by friends in the entire game.
 D = Other kills in this place as a percentage of other kills in the entire game.
 E = Experience gained in this place as a percentage of experience gained in the entire game.
 F = Experience gained in this place divided by the number of levels of this place that you have seen.
                   A       B       C       D       E      F
               +-------+-------+-------+-------+-------+----------------------
         Total | 100.0 | 100.0 |   N/A |   N/A | 100.0 |  33.0
       Dungeon | 100.0 | 100.0 |   N/A |   N/A | 100.0 |  33.0
               +-------+-------+-------+-------+-------+----------------------

Table legend: (Time is in decaauts)
 A = Elapsed time spent in this place.
 B = Non-inter-level travel time spent in this place.
 C = Inter-level travel time spent in this place.
 D = Time resting spent in this place.
 E = Time spent auto-exploring this place.
 F = Levels seen in this place.
 G = Mean time per level.
                   A        B        C        D        E       F      G
               +--------+--------+--------+--------+--------+-----+--------+
         Total |    925 |    925 |      0 |      0 |    738 |   1 |  925.0 |
       Dungeon |    925 |    925 |      0 |      0 |    738 |   1 |  925.0 |
               +--------+--------+--------+--------+--------+-----+--------+

Top non-repeatable levels by time:
     D:1: 925 daAuts
